 Dungeon Crawl Stone Soup version 0.29-a0-275-g389c0b56f3 (webtiles) character file.

Game seed: 18077070479987971104

19 siradein the Shooter (level 2, 0/17 HPs)
             Began as a Deep Elf Hunter on Mar 10, 2022.
             Succumbed to a kobold's poison
             ... on level 1 of the Dungeon.
             The game lasted 00:01:04 (660 turns).

siradein the Shooter (Deep Elf Hunter)               Turns: 660, Time: 00:01:05

Health: 0/17       AC:  3    Str:  9    XL:     2   Next: 55%
Magic:  4/4        EV: 12    Int: 15    God:
Gold:   51         SH:  0    Dex: 15    Spells: 1/1 levels left

rFire   . . .      SeeInvis .   a - +1 shortbow
rCold   . . .      Faith    .   (shield currently unavailable)
rNeg    . . .      Spirit   .   b - +0 leather armour
rPois   .          Reflect  .   (no helmet)
rElec   .          Harm     .   (no cloak)
rCorr   .          Rampage  .   (no gloves)
Will    .....                   (no boots)
Stlth   ++........              (no amulet)
HPRegen 0.05/turn               (no ring)
MPRegen 0.09/turn               (no ring)

@: lethally poisoned (0 -> -3)
A: no striking features
a: no special abilities


You were on level 1 of the Dungeon.
You visited 1 branch of the dungeon, and saw 1 of its levels.

You collected 51 gold pieces.

Inventory:

Hand Weapons
 a - a +1 shortbow (weapon)
Armour
 b - a +0 leather armour (worn)
Scrolls
 c - a scroll of immolation
Potions
 d - a potion of curing {unknown}
 e - 2 potions of degeneration {unknown}


   Skills:
 + Level 1.8 Fighting
 + Level 5.6 Bows
 + Level 2.8 Dodging
 + Level 2.0 Stealth


You had one spell level left.
You didn't know any spells.
Your spell library was empty.

Dungeon Overview and Level Annotations

Branches:
Dungeon (1/15)

Altars:


Message History

A kobold comes into view. It is wielding a +1 dagger of venom.
You shoot an arrow. The arrow barely misses the bat.
The kobold shouts!
The bat completely misses you.
You shoot an arrow. The arrow closely misses the kobold.
The bat hits you.
You shoot an arrow. The arrow closely misses the kobold.
The bat completely misses you.
A goblin comes into view. It is wielding a +0 dagger.
The kobold barely misses you.
You shoot an arrow. The arrow closely misses the kobold.
The arrow barely misses the bat.
The goblin shouts!
The bat barely misses you.
The kobold hits you with a +1 dagger of venom.
You are poisoned.
The kobold hits you with a +1 dagger of venom.
You are more poisoned.
You feel very sick. The kobold attacks as you move away!
The kobold closely misses you.
You feel sick. The bat barely misses you.
The kobold throws a stone.
The stone hits you. The bat attacks as you move away!
The bat barely misses you.
* * * LOW HITPOINT WARNING * * *
You feel sick. The bat barely misses you.
* * * LOW HITPOINT WARNING * * *
You feel sick. The bat hits you but does no damage.
Shoot: a) +1 shortbow
Press: ? - help, Q - select action Shift-Dir - straight line, f/p - kobold
Aim: a kobold, wielding a +1 dagger of venom and quivering stones (55% to hit)
You shoot an arrow. The arrow barely misses the bat.
The arrow misses the kobold.
* * * LOW HITPOINT WARNING * * *
You feel sick. The bat hits you.
* * * LOW HITPOINT WARNING * * *
Shoot: a) +1 shortbow
Press: ? - help, Q - select action Shift-Dir - straight line, f/p - kobold
Aim: a kobold, wielding a +1 dagger of venom and quivering stones (55% to hit)
You shoot an arrow. The arrow hits the bat.
You kill the bat!
You die...

#. #.........
........#
#.##.........
.......#
#.....#######
#g..)..#
####..######
#......#
#.......#####......#
##........^$#..#####
#......#####K##
#.###### #.#
#.##########@#
#............#
##############


You could see a goblin and a kobold.

Vanquished Creatures
  A dart slug (D:1)
  An endoplasm (D:1)
  2 giant cockroaches (D:1)
  A goblin (D:1)
  3 hobgoblins (D:1)
  2 ball pythons (D:1)
  2 bats (D:1)
  2 frilled lizards (D:1)
  2 kobolds (D:1)
  2 rats (D:1)
18 creatures vanquished.

Notes
Turn   | Place    | Note
-------+----------+-------------------------------------------
     0 | D:1      | siradein the Deep Elf Hunter began the quest for the Orb.
     0 | D:1      | Reached XP level 1. HP: 12/12 MP: 3/3
   142 | D:1      | Reached XP level 2. HP: 8/17 MP: 4/4
   660 | D:1      | Succumbed to a kobold's poison

Illustrated notes

Levels and vault maps discovered:
D:1:      minmay_arrival_glassed_features, layout_basic, chequers_jeans,
          minmay_tiny_reverse_x

Skill      XL: |  1  2 |
---------------+-------+-----
Stealth        | 2 |  2.0
Fighting       | |  1.8
Bows           | |  5.6
Dodging        | |  2.8

Action                   || total
-------------------------++-------
 Fire: Shortbow          ||    39
Armor: Leather armour    ||     4
Dodge: Dodged            ||    16

Table legend: (Time is in decaauts)
 A = Elapsed time spent in this place.
 B = Non-inter-level travel time spent in this place.
 C = Inter-level travel time spent in this place.
 D = Time resting spent in this place.
 E = Time spent auto-exploring this place.
 F = Levels seen in this place.
 G = Mean time per level.
                   A        B        C        D        E       F      G
               +--------+--------+--------+--------+--------+-----+--------+
         Total |    670 |    670 |      0 |      0 |    593 |   1 |  670.0 |
       Dungeon |    670 |    670 |      0 |      0 |    593 |   1 |  670.0 |
               +--------+--------+--------+--------+--------+-----+--------+

Top non-repeatable levels by time:
     D:1: 670 daAuts
